 Dungeon Crawl Stone Soup version 0.30-b1-2-g02819fbbbe (webtiles) character file.

Game seed: 4038180803068642080

58 Anon1729 the Trooper (level 3, 0/33 HPs)
             Began as a Minotaur Monk on Aug 23, 2023.
             Slain by a goblin
             ... wielding a +0 dagger
              (4 damage)
             ... on level 2 of the Dungeon.
             The game lasted 00:00:39 (1174 turns).

Anon1729 the Trooper (Minotaur Monk)                Turns: 1174, Time: 00:00:40

Health: 0/33       AC:  0    Str: 15    XL:     3   Next: 76%
Magic:  2/2        EV: 15    Int:  7    God:
Gold:   73         SH:  0    Dex: 14    Spells: 2/2 levels left

rFire   . . .        a - melded +0 short sword
rCold   . . .        d - melded orb {light}
rNeg    . . .        b - melded +0 robe
rPois   .            (helmet currently unavailable)
rElec   .            (cloak currently unavailable)
rCorr   .            (gloves currently unavailable)
SInv    .            (boots currently unavailable)
Will    .....        (no amulet)
Stlth   +            (ring currently unavailable)
HPRegen 0.25/turn    (ring currently unavailable)
MPRegen 0.08/turn

%: no passive effects
@: confused, pig-form, very quick
A: fast, no casting, small, (horns 2), (retaliatory headbutt)
a: no special abilities


You were on level 2 of the Dungeon.
You were a filthy swine.
You visited 1 branch of the dungeon, and saw 2 of its levels.

You collected 73 gold pieces.

Inventory:

Hand Weapons
 a - a +0 short sword (melded)
Armour
 b - a +0 robe (melded)
 d - an orb of light (melded)
Scrolls
 f - 2 scrolls of identify {unknown}
 g - a scroll of amnesia {unknown}
 h - a scroll of silence {unknown}
Potions
 c - a potion of ambrosia
 e - 2 potions of degeneration {unknown}


   Skills:
 + Level 4.2 Fighting
 + Level 3.9 Short Blades
 + Level 1.0 Armour
 + Level 3.9 Dodging
 + Level 0.7 Invocations


You had 2 spell levels left.
You didn't know any spells.
Your spell library contained the following spells:

 Spells                   Type           Power      Damage    Failure   Level
 Ensorcelled Hibernation  Hex/Ice        0%         N/A       56%         2
 Passwall                 Tmut/Erth      0%         N/A       56%         2
 Swiftness                Air            0%         N/A       80%         3


Dungeon Overview and Level Annotations

Branches:
Dungeon (2/15)

Altars:

Annotations:
D:2 Sigmund


Innate Abilities, Weirdness & Mutations

You are a filthy swine.
You move quickly.
Your equipment is almost entirely melded.
You are incapable of wielding weapons or throwing items.
You cannot cast spells.
((You have a pair of horns on your head.))
((You reflexively headbutt those who attack you in melee.))


Message History

You are too confused!
You are too confused!
You are too confused!
You are too confused!
You are too confused!
You are too confused!
You are too confused!
You are too confused!
You are too confused!
You are too confused!
You are too confused!
You are too confused!
You barely miss Sigmund.
Sigmund is lightly wounded.
Sigmund misses you.
You're too confused to move!
The goblin barely misses you.
You closely miss Sigmund. You headbutt Sigmund, but do no damage.
Sigmund is lightly wounded.
Sigmund zaps a wand.
You turn into a filthy swine.
Your +0 short sword melds into your body.
Your orb of light melds into your body.
Your +0 robe melds into your body.
The goblin hits you with a +0 dagger. Something hits you.
Deactivating autopickup; reactivate with Ctrl-A.
You bump into the rock wall.
The goblin barely misses you.
You're too confused to move!
You feel less confused.
You hear some strange, mumbled words.
Something tries to affect you, but you resist.
The goblin hits you with a +0 dagger.
Found a club.
You hear some strange, mumbled words.
You are confused.
Something hits you! Something hits you!
* * * LOW HITPOINT WARNING * * *
The goblin hits you with a +0 dagger.
* * * LOW HITPOINT WARNING * * *
You bump into the rock wall.
The goblin hits you with a +0 dagger.
You die...

## #.#..#
####.######## )..
#.#..####............
#.##.#..#.†......# #
#..#.#(.)....##..# #
#..#..#.#####..# #
##....#.# #..# #
##.!.....# #..# #
#.#.....g#######..# #
#........h.).......#
#
#.##.....#########.#
# #....## #.# #
#.#### ####.# # #.
#....####### #
#...........
#..##.....#.
##...#....#.
#....#..#..


You could see a goblin.

Vanquished Creatures
  Robin (D:2)
  2 bats (D:2)
  An endoplasm (D:2)
  13 goblins
  4 hobgoblins
  4 jackals (D:1)
  4 kobolds (D:1)
  2 quokkas
  4 ball pythons
  3 frilled lizards
  3 rats
41 creatures vanquished.

Notes
Turn   | Place    | Note
-------+----------+-------------------------------------------
     0 | D:1      | Anon1729 the Minotaur Monk began the quest for the Orb.
     0 | D:1      | Reached XP level 1. HP: 19/19 MP: 0/0
   199 | D:1      | Reached XP level 2. HP: 27/27 MP: 1/1
   258 | D:1      | Reached skill level 4 in Fighting
   593 | D:1      | Found a faded altar of an unknown god.
   593 | D:1      | Noticed a reaper
  1020 | D:2      | Reached XP level 3. HP: 33/33 MP: 2/2
  1038 | D:2      | Noticed Robin
  1068 | D:2      | Killed Robin
  1156 | D:2      | Noticed Sigmund
  1158 | D:2      | Reached skill level 1 in Armour
  1174 | D:2      | Slain by a goblin

Illustrated notes

Levels and vault maps discovered:
D:1:      dpeg_arrival_water_fire, layout_basic,
          dreamdust_ecumenical_altar_sealed_demon
D:2:      layout_loops_ring, minmay_misc_feat_chi, uniq_sigmund, uniq_terence,
          uniq_robin

Skill      XL: |  1  2  3 |
---------------+----------+-----
Fighting       | 4 |  4.2
Armour         | 1 |  1.0
Short Blades   | |  3.9
Dodging        | |  3.9
Invocations    | |  0.7

Action                     || total
---------------------------++-------
  Melee: Short sword       ||    76
         Headbutt          ||    20
    Use: Potion            ||     1
 Armour: Robe              ||     8
  Dodge: Dodged            ||    51
